Map: Acropolis LE

Players

Tygo

  • Race: Terran Terran
  • League: Diamond
  • Spawn Location: 5:00

SewerMermaid - Winner!

  • Race: Protoss Protoss
  • League: Diamond
  • Spawn Location: 11:00

VOD

Have the link to the VOD?

Description

Time

  • Played on: Sept. 24, 2019, 9:21 a.m.
  • Length: 10:43
Show
View Real Time Build Order
Export as new Build Order

Tygo Terran 

Build Orders:  

Get SALT Encoding   

  12  0:01  SCV  
  13  0:13  SCV  
  14  0:17  Supply Depot  
  14  0:25  SCV  
  15  0:38  SCV  
  15  0:40  Barracks  
  16  0:46  Refinery  
  16  0:51  SCV  
  17  1:03  SCV  
  18  1:15  SCV  
  19  1:30  Orbital Command  
  20  1:45  Reaper  
  20  1:47  Command Center  
  20  2:01  Barracks  
  20  2:04  Refinery  
  20  2:08  SCV  
  21  2:22  Barracks Reactor  
  21  2:28  Supply Depot  
  21  2:29  SCV  
  22  2:35  Factory  
  22  2:42  SCV  
  23  2:49  Bunker  
  23  2:50  Barracks Tech Lab  
  23  2:54  SCV  
  24  2:59  Marine  
  24  3:00  Marine  
  26  3:10  Orbital Command  
  26  3:15  SCV  
  29  3:20  Marauder  
  29  3:28  Marine x2  
  29  3:30  SCV  
  29  3:31  Factory Tech Lab  
  32  3:38  SCV  
  33  3:42  SCV, Marauder  
  33  3:45  Stimpack  
  36  3:51  Marine x2  
  35  4:05  Marauder  
  35  4:12  SCV x2  
  35  4:13  Marine x2  
  37  4:24  SCV  
  40  4:31  Siege Tank, Marauder  
  40  4:36  SCV  
  42  4:48  Marine  
  42  4:49  Marine  
  42  4:51  SCV  
  42  4:52  Starport  
  45  5:01  Command Center  
  41  5:27  Supply Depot  
  41  5:28  Supply Depot  
  41  5:29  Supply Depot  
  41  5:36  Starport Reactor  
  41  5:42  Concussive Shells  
  41  5:49  SCV, Marine x2  
  46  5:50  Marauder  
  46  5:54  Siege Tank  
  49  5:58  Supply Depot x2  
  49  6:02  SCV  
  50  6:07  Marine x2  
  54  6:11  Marauder  
  54  6:16  SCV  
  55  6:21  Medivac  
  57  6:28  Medivac  
  57  6:29  SCV  
  60  6:37  Orbital Command  
  60  6:41  Marine x3  
  60  6:43  SCV  
  64  7:01  Marine x2  
  64  7:02  SCV x2, Marauder  
  70  7:14  SCV x2  
  72  7:24  Marine x2  
  72  7:25  Engineering Bay, Marauder  
  72  7:26  SCV x2  
  77  7:43  Barracks  
  77  7:44  Command Center  
  77  7:46  SCV x2  
  77  7:47  Marine  
  77  7:50  Marauder  
  82  7:57  Marine  
  82  7:58  Siege Tank  
  86  8:14  SCV  
  86  8:16  Marine  
  86  8:17  SCV  
  86  8:18  Marine  
  86  8:19  Marine  
  85  8:24  Missile Turret  
  85  8:25  Missile Turret x3  
  74  8:30  Marine  
  75  8:34  Marine  
  75  8:37  Marine  
  75  8:49  Marine x2  
  75  8:52  Marine  
  75  9:06  Marine  
  75  9:07  Marine x2  
  77  9:10  Marine  
  77  9:30  Missile Turret  
  77  9:31  Missile Turret  
  75  9:32  Missile Turret  
Show
View Real Time Build Order
Export as new Build Order

SewerMermaid Protoss - Winner!

Build Orders:  

Get SALT Encoding   

  12  0:01  Probe  
  13  0:13  Probe  
  14  0:18  Pylon  
  14  0:25  Probe  
  15  0:37  Probe  
  15  0:38  Gateway  
  16  0:44  Assimilator  
  16  0:58  Pylon  
  16  1:01  Probe (Chrono Boost)  
  18  1:11  Probe (Chrono Boost)  
  18  1:16  Probe (Chrono Boost)  
  19  1:34  Cybernetics Core  
  19  1:36  Probe  
  20  1:54  Nexus  
  20  2:05  Gateway  
  20  2:09  Adept (Chrono Boost)  
  22  2:32  Adept (Chrono Boost)  
  23  2:41  Pylon  
  23  2:43  Gateway  
  23  2:57  Adept (Chrono Boost)  
  27  3:01  Probe  
  27  3:04  Stalker (Chrono Boost)  
  28  3:18  Adept (Chrono Boost)  
  30  3:27  Stalker  
  30  3:32  Stalker  
  34  3:42  Adept  
  36  3:57  Stalker  
  36  4:02  Stalker  
  32  4:32  Nexus  
  32  4:34  Pylon  
  32  4:37  Zealot x2  
  36  4:49  Probe  
  36  4:52  Assimilator  
  37  5:01  Probe  
  36  5:07  Assimilator  
  36  5:13  Assimilator, Probe  
  29  5:25  Probe  
  34  5:31  Stargate  
  34  5:33  Stargate  
  30  5:46  Probe  
  31  5:54  Probe  
  32  5:59  Pylon  
  32  6:00  Probe (Chrono Boost)  
  33  6:06  Probe (Chrono Boost)  
  35  6:15  Probe x2 (Chrono Boost)  
  40  6:20  Probe (Chrono Boost)  
  40  6:22  Probe  
  40  6:23  Void Ray (Chrono Boost)  
  42  6:32  Probe  
  43  6:33  Void Ray (Chrono Boost)  
  47  6:42  Pylon  
  47  6:45  Probe  
  48  7:05  Void Ray (Chrono Boost)  
  52  7:10  Void Ray (Chrono Boost)  
  52  7:13  Probe  
  57  7:21  Pylon  
  57  7:25  Probe  
  52  7:41  Pylon  
  52  7:48  Void Ray x2 (Chrono Boost)  
  60  7:58  Robotics Facility  
  60  8:01  Pylon  
  60  8:34  Void Ray x2  
  55  9:04  Robotics Bay  
  55  9:05  Immortal  
  59  9:20  Void Ray  
  63  10:00  Immortal (Chrono Boost)  
Tags
 
Add a new tag
Caveats
  • Supply blocks, unpowered buildings, or Contaminate may cause inaccurate times.
  • Supply counts are checked every 10 seconds.